 Dungeon Crawl Stone Soup version 0.17.0-28-g6e173f8 (webtiles) character file.

22417 Enroth the Carver (level 12, -1/91 HPs)
             Began as a Vampire Fighter on Nov 23, 2015.
             Was a High Priest of Okawaru.
             Slain by a minotaur (17 damage)
             ... in a labyrinth.
             The game lasted 01:03:48 (13223 turns).

Enroth the Carver (Vampire Fighter)                Turns: 13223, Time: 01:03:48

Health: -1/91      AC:  9    Str: 19    XL:     12   Next: 62%
Magic:  0/11       EV: 24    Int: 11    God:    Okawaru [*****.]
Gold:   714        SH: 13    Dex: 20    Spells: 0 memorised, 11 levels left

rFire  . . .     SeeInvis +     n - +1 double sword (slice)
rCold  . . .     Rnd*Rage +     j - +1 troll leather armour
rNeg   . . .     SustAt   .     c - +1 shield
rPois  .         Gourm    .     f - +0 helmet
rElec  .         Spirit   +     x - +0 cloak
rCorr  .         Warding  .     z - +0 pair of gloves {Str+3}
rMut   .         Stasis   .     l - +0 pair of boots
MR     +....                    A - amulet of guardian spirit
Stlth  ++++......               C - +5 ring of dexterity
                                s - +4 ring of evasion

@: regenerating quickly, somewhat resistant to hostile enchantments, stealthy
A: fangs 3, see invisible, berserk 1, deformed body, dopey 1, low mp 1, spit
poison 3, unbreathing, MP-powered wands
a: Breathe Poison Gas, Heroism, Finesse, Renounce Religion


You were in a labyrinth.
You worshipped Okawaru.
Okawaru was extremely pleased with you.
You were very full.

You visited 3 branches of the dungeon, and saw 16 of its levels.
You also visited: Labyrinth.

You collected 714 gold pieces.

Inventory:

Hand Weapons
 n - a +1 double sword of slicing (weapon)
Missiles
 u - 2 throwing nets (quivered)
Armour
 c - a +1 shield (worn)
 f - a +0 helmet (worn)
 j - a +1 troll leather armour (worn)
 l - a +0 pair of boots (worn)
 x - a +0 cloak (worn)
 z - a +0 pair of gloves of strength (worn)
Jewellery
 h - the ring "Wutwan" {Fire +Blink Int+5}
   (You found it on level 9 of the Dungeon)

   [ring of fire]

   It enhances your fire magic, and weakens your ice magic.
   It affects your intelligence (+5).
   It protects you from fire.
   It makes you vulnerable to cold.
   It lets you blink.
 s - a +4 ring of evasion (left hand)
 A - an amulet of guardian spirit (around neck)
 C - a +5 ring of dexterity (right hand)
Wands
 b - a wand of random effects (34)
 t - a wand of digging (3)
 B - a wand of lightning (7)
 D - a wand of digging (14)
 E - a wand of frost (19)
Scrolls
 a - a scroll of recharging
 i - 10 scrolls of identify
 k - 2 scrolls of fog
 o - 3 scrolls of teleportation
 p - 3 scrolls of remove curse
 q - 2 scrolls of amnesia
 w - a scroll of fear
Potions
 e - 7 potions of blood
 g - 2 potions of brilliance
 m - 5 potions of flight
 r - 2 potions of curing
 v - a potion of agility
Miscellaneous
 d - a fan of gales


   Skills:
 + Level 7.4 Fighting
 * Level 12.6 Long Blades
 + Level 5.9 Armour
 + Level 10.4 Dodging
 + Level 5.8 Stealth
 + Level 9.1 Shields
 + Level 1.1 Evocations


You had 11 spell levels left.
You didn't know any spells.

Dungeon Overview and Level Annotations

Branches:
Dungeon (11/15)            Temple (1/1) D:6            Lair (4/8) D:10
  Swamp (0/4) Lair:3       Spider (0/4) Lair:3          Orc (0/4) D:10

Altars:
Ashenzari
Cheibriados
Dithmenos
Elyvilon
Fedhas
Gozag
Kikubaaqudgha
Makhleb
Nemelex Xobeh
Okawaru
Qazlal
Ru
Sif Muna
Trog
Vehumet
Xom
Yredelemnul
Zin
The Shining One

Annotations:
D:9 Gargoyl's ghost, journeyman DsAK


Innate Abilities, Weirdness & Mutations

Your natural rate of healing is unusually fast.
You have razor-sharp teeth.
You have supernaturally acute eyesight.
You can survive without breathing.
You tend to lose your temper in combat.
Armour fits poorly on your strangely shaped body.
You are dopey. (Int -2)
Your magical capacity is low (-10% MP).
You can exhale a cloud of poison.
You expend magic power (3 MP) to strengthen your wands.


Message History

You slice the minotaur!!
The minotaur is severely wounded.
You block the minotaur's attack. x2
You hit the minotaur.
The minotaur is severely wounded.
The minotaur hits you!! You block the minotaur's attack.
You closely miss the minotaur.
The minotaur furiously retaliates!
The minotaur headbutts you, but does no damage.
The minotaur is severely wounded.
The minotaur misses you. The minotaur gores you!
You completely miss the minotaur.
The minotaur furiously retaliates!
The minotaur headbutts you.
The minotaur is severely wounded.
The minotaur hits you!!
* * * LOW HITPOINT WARNING * * *
You block the minotaur's attack.
You slash the minotaur!
The minotaur is almost dead.
The minotaur hits you!!
You die...

#... .#...# # #. #
##.#.# # #.# #.#.#
# # ## ## # ##.###
.. #. .....# #...#
#.###. ### ###.###
.. . # #...# #. ##
#.#####.###.#
...#.#....H@.....#
## #.#############
#.. . ..... . ##
##.###. ##.# . .
.#... .#. .. .# #
## # # # # # #. .
.. ## .# # # # .
#. #


You could see a minotaur.

Vanquished Creatures
  A hydra (Lair:2)
  A centaur warrior (D:8)
  A catoblepas (D:10)
  An unseen horror (D:10)
  A hill giant (D:10)
  6 elephants
  A black mamba (Lair:1)
  4 gargoyles (Lab)
  4 spiny frogs (Lair:2)
  2 komodo dragons
  A troll (D:7)
  4 blink frogs (Lair:2)
  A hungry ghost (D:10)
  A deep elf fighter (D:10)
  23 yaks
  3 hippogriffs
  3 wolves (Lair:1)
  5 porcupines
  Duvessa (D:7)
  8 water moccasins
  2 phantoms
  An eye of draining (D:10)
  4 ice beasts
  8 spiders (Lair:3)
  4 centaurs
  3 sky beasts
  2 orc warriors
  3 black bears
  8 crocodiles
  4 ogres
  20 giant frogs
  3 big kobolds
  Dowan (D:7)
  2 scorpions
  5 wights (D:8)
  An electric eel (Lair:1)
  A hound (D:9)
  A centaur zombie (D:8)
  A wasp zombie (D:9)
  5 crimson imps
  2 jellies
  2 orc priests (D:10)
  An iron imp (D:7)
  11 worker ants
  5 iguanas
  4 orc wizards
  2 hound zombies
  2 hound skeletons
  2 worker ant zombies (D:5)
  6 adders
  3 gnolls (D:9)
  46 river rats
  2 shadow imps
  An ooze (D:4)
  3 worms
  An adder skeleton (D:7)
  4 giant geckos
  17 orcs
  2 ball pythons
  17 bats
  5 giant cockroaches
  10 goblins
  6 hobgoblins
  24 kobolds
  2 quokkas
  5 giant newts
  3 jackals (D:2)
  2 jackal skeletons
  18 rats
359 creatures vanquished.

Vanquished Creatures (collateral kills)
  The ghost of Kloppie the Hand of Fortune, a journeyman DrMo of Nemelex Xobeh (Lair:2)
  A crocodile (Lair:2)
2 creatures vanquished.

Vanquished Creatures (others)
  An orc warrior (D:9)
  6 fungi
  3 plants
10 creatures vanquished.

Grand Total: 371 creatures vanquished

Notes
Turn   | Place    | Note
--------------------------------------------------------------
     0 | D:1      | Enroth the Vampire Fighter began the quest for the Orb.
     0 | D:1      | Reached XP level 1. HP: 17/17 MP: 1/1
   135 | D:1      | Reached XP level 2. HP: 16/23 MP: 2/2
   312 | D:1      | Reached skill level 3 in Fighting
   559 | D:2      | Found an iron altar of Okawaru.
   567 | D:2      | Became a worshipper of Warmaster Okawaru
   689 | D:2      | Reached XP level 3. HP: 29/29 MP: 3/3
   873 | D:2      | Found a deep blue altar of Sif Muna.
  1314 | D:2      | Reached skill level 1 in Dodging
  1509 | D:2      | Reached XP level 4. HP: 35/35 MP: 4/4
  2085 | D:4      | Found a sparkling altar of Nemelex Xobeh.
  2156 | D:4      | HP: 1/35 [iguana (7)]
  2391 | D:4      | Reached XP level 5. HP: 26/41 MP: 5/5
  2693 | D:4      | Found a shimmering altar of Xom.
  2747 | D:4      | Found a sacrificial altar of Ru.
  2750 | D:4      | Found a white marble altar of Elyvilon.
  2831 | D:5      | Entered Level 5 of the Dungeon
  2831 | D:5      | Noticed an ogre
  2837 | D:5      | Killed an ogre
  2837 | D:5      | Reached skill level 1 in Stealth
  2898 | D:5      | Reached XP level 6. HP: 11/48 MP: 6/6
  3000 | D:5      | Found a sacrificial altar of Ru.
  3016 | D:5      | Reached * piety under Okawaru
  3112 | D:5      | Noticed a phantom
  3176 | D:5      | Killed a phantom
  3246 | D:5      | Reached skill level 4 in Fighting
  3321 | D:5      | Reached XP level 7. HP: 49/54 MP: 7/7
  3650 | D:5      | Noticed an ice beast
  3665 | D:5      | Killed an ice beast
  3849 | D:6      | Reached ** piety under Okawaru
  3871 | D:6      | Reached skill level 5 in Long Blades
  3901 | D:6      | Found a staircase to the Ecumenical Temple.
  3936 | Temple   | Entered the Ecumenical Temple
  4080 | D:6      | Reached XP level 8. HP: 23/60 MP: 8/8
  4398 | D:6      | Reached *** piety under Okawaru
  4612 | D:7      | Reached skill level 6 in Long Blades
  4684 | D:7      | Noticed a troll
  4690 | D:7      | Noticed Duvessa
  4690 | D:7      | Killed a troll
  4690 | D:7      | Reached skill level 5 in Shields
  4695 | D:7      | Noticed Dowan
  4697 | D:7      | Killed Duvessa
  4702 | D:7      | Killed Dowan
  4970 | D:7      | Reached **** piety under Okawaru
  5104 | D:7      | Found a snail-covered altar of Cheibriados.
  5132 | D:7      | Reached XP level 9. HP: 67/67 MP: 9/9
  5237 | D:7      | Reached skill level 7 in Long Blades
  5237 | D:7      | Reached skill level 5 in Armour
  5511 | D:8      | Found an iron altar of Okawaru.
  5526 | D:8      | Reached skill level 5 in Fighting
  5648 | D:8      | Noticed a centaur warrior
  5652 | D:8      | Killed a centaur warrior
  5652 | D:8      | Reached skill level 5 in Dodging
  5658 | D:8      | Reached ***** piety under Okawaru
  5703 | D:8      | Reached skill level 8 in Long Blades
  5938 | D:8      | Gained mutation: Armour fits poorly on your strangely shaped body. [potion of mutation]
  5938 | D:8      | Gained mutation: Your magical capacity is low (-10% MP). [potion of mutation]
  6324 | D:9      | Reached XP level 10. HP: 74/74 MP: 9/9
  6516 | D:9      | Reached skill level 9 in Long Blades
  6758 | D:9      | Got a heavily runed golden ring
  6761 | D:9      | Identified the ring "Wutwan" {Fire +Blink Int+5} (You found it on level 9 of the Dungeon)
  7050 | D:9      | Noticed Gargoyl's ghost (journeyman DsAK)
  7186 | D:10     | Entered Level 10 of the Dungeon
  7285 | D:10     | Received a gift from Okawaru
  7379 | D:10     | Found a staircase to the Orcish Mines.
  7540 | D:10     | Noticed an unseen horror
  7561 | D:10     | Killed an unseen horror
  7810 | D:10     | Found a staircase to the Lair.
  7878 | D:10     | Noticed a hill giant
  7889 | D:10     | Killed a hill giant
  7889 | D:10     | Reached skill level 10 in Long Blades
  7889 | D:10     | Reached XP level 11. HP: 81/81 MP: 10/10
  7901 | Lair:1   | Entered Level 1 of the Lair of Beasts
  8737 | Lair:1   | Noticed a catoblepas
  8900 | D:10     | HP: 4/83 [catoblepas (10)]
  9054 | D:10     | Killed a catoblepas
  9355 | Lair:2   | Received a gift from Okawaru
  9358 | Lair:2   | Got a warped broad axe {god gift}
  9359 | Lair:2   | Identified the +6 broad axe "Dakiq" {elec, Int+4} (Okawaru gifted it to you on level 2 of the Lair of Beasts)
  9536 | Lair:2   | Reached ****** piety under Okawaru
  9633 | Lair:2   | Noticed Kloppie's ghost (journeyman DrMo)
  9673 | Lair:2   | Killed Kloppie's ghost
  9861 | Lair:2   | Reached skill level 11 in Long Blades
 10034 | Lair:2   | Noticed a four-headed hydra
 10044 | Lair:2   | Killed a four-headed hydra
 10044 | Lair:2   | Received a gift from Okawaru
 10044 | Lair:2   | Reached skill level 1 in Evocations
 10128 | Lair:2   | Reached skill level 5 in Stealth
 10177 | Lair:2   | Reached XP level 12. HP: 89/89 MP: 11/11
 10244 | Lair:2   | Gained mutation: You tend to lose your temper in combat. [potion of mutation]
 10244 | Lair:2   | Gained mutation: You expend magic power (3 MP) to strengthen your wands. [potion of mutation]
 10244 | Lair:2   | Gained mutation: You have sharp toenails. [potion of mutation]
 10245 | Lair:2   | Gained mutation: You can spit weak poison. [potion of mutation]
 10245 | Lair:2   | Gained mutation: You are dopey. (Int -2) [potion of mutation]
 10647 | Lair:3   | Gained mutation: You can spit poison. [potion of mutation]
 10647 | Lair:3   | Lost mutation: You have sharp toenails. [potion of mutation]
 10647 | Lair:3   | Gained mutation: You can exhale a cloud of poison. [potion of mutation]
 10722 | Lair:3   | Reached skill level 12 in Long Blades
 10813 | Lair:3   | Found a staircase to the Swamp.
 10834 | Lair:3   | Reached skill level 10 in Dodging
 10961 | Lair:3   | Noticed a fire dragon
 11278 | Lair:3   | Found a hole to the Spider Nest.
 11323 | Lair:3   | Received a gift from Okawaru
 11696 | Lair:4   | Found a labyrinth entrance.
 11702 | Lab      | Entered a labyrinth
 13215 | Lab      | Noticed a minotaur
 13223 | Lab      | Slain by a minotaur

Action                   |  1- 3 |  4- 6 |  7- 9 | 10-12 || total
-------------------------+-------+-------+-------+-------++-------
Melee: Long sword        |   170 |   182 |   340 |   806 ||  1498
       Double sword      |       |       |       |   274 ||   274
 Abil: Breathe Poison Ga |       |       |       |     4 ||     4
Evoke: Wand              |       |       |       |    16 ||    16
  Use: Potion            |     3 |    14 |    15 |    32 ||    64
       Scroll            |       |    11 |     3 |    17 ||    31
 Stab: Paralysed         |       |     1 |       |       ||     1
       Sleeping          |       |       |       |    13 ||    13
       Distracted        |       |       |       |     2 ||     2
  Eat: Corpse            |    12 |     3 |    10 |    30 ||    55
